 Dungeon Crawl Stone Soup version 0.15.0-11-g6f4f891 (webtiles) character file.

50871 Kejsarherre the Shatterer (level 14, -19/157 HPs)
             Began as an Ogre Hunter on Aug 30, 2014.
             Was a High Priest of Okawaru.
             Demolished by a sun demon (20 damage)
             ... summoned by an orc high priest
             ... on Level 4 of the Orcish Mines.
             The game lasted 01:36:11 (24444 turns).

Kejsarherre the Shatterer (Ogre Hunter)            Turns: 24444, Time: 01:36:11

HP -19/157       AC 13     Str 26      XL: 14   Next: 57%
MP  26/26        EV 10     Int 14      God: Okawaru [*****.]
Gold 1699        SH  0     Dex 12      Spells:  3 memorised,  8 levels left

rFire  + + .     SeeInvis +     Q - +1 giant spiked club (elec)
rCold  . . .     Clarity  +     S - +0 steam dragon armour
rNeg   + . .     rCorr    .     (shield restricted)
rPois  .         rRot     .     Y - +4 hat "Deoqoudd" {+Inv rF++ SInv}
rElec  .         Spirit   .     P - +1 cloak
SustAb .         Warding  .     (gloves unavailable)
rMut   .         Stasis   .     (boots unavailable)
Gourm  .                        b - amulet of the Four Winds {Clar rN+ MR+++}
MR     ++++.                    y - +2 ring of strength
                                D - +4 ring of intelligence

@: incredibly resistant to hostile enchantments, unstealthy
A: unfitting armour, agile 1, shaggy fur 1, slow healing 1, tough skin 1
a: Heroism, Finesse, Renounce Religion, Evoke Invisibility


You were on level 4 of the Orcish Mines.
You worshipped Okawaru.
Okawaru was extremely pleased with you.
You were hungry.

You visited 4 branches of the dungeon, and saw 25 of its levels.
You also visited: Sewer and Ice Cave.

You collected 2770 gold pieces.
You spent 1071 gold pieces at shops.

Inventory:

Hand weapons
 Q - a +1 giant spiked club of electrocution (weapon)
Missiles
 a - 8 poisoned tomahawks
 F - 9 large rocks (quivered)
Armour
 P - a +1 cloak (worn)
 S - a +0 steam dragon armour (worn)
 Y - the +4 hat "Deoqoudd" (worn) {+Inv rF++ SInv}
   (Okawaru gifted it to you on level 8 of the Lair of Beasts)

   It greatly protects you from fire.
   It enhances your eyesight.
   It lets you turn invisible.
Magical devices
 j - a wand of disintegration (13)
 u - a wand of cold (4)
 E - a wand of teleportation (7)
 U - a wand of cold (5)
Comestibles
 f - 6 meat rations
 k - 13 royal jellies
 r - 15 bread rations
 J - 14 fruits
Scrolls
 c - a scroll of fog
 g - a scroll of holy word
 h - a scroll of fear
 n - 2 scrolls of teleportation
 x - 4 scrolls of recharging
 H - 6 scrolls of remove curse
 L - 9 scrolls of magic mapping
 V - 2 scrolls of silence
 X - 2 scrolls of enchant armour
Jewellery
 b - the amulet of the Four Winds (around neck) {Clar rN+ MR+++}
   (You bought it in a shop on level 4 of the Orcish Mines)

   [amulet of clarity]

   It provides mental clarity.
   It protects you from negative energy.
   It affects your resistance to hostile enchantments.
 l - an uncursed amulet of clarity
 y - a +2 ring of strength (right hand)
 D - a +4 ring of intelligence (left hand)
 I - an uncursed ring of flight
Potions
 i - a potion of cure mutation
 o - 4 potions of brilliance
 s - a potion of berserk rage
 t - a potion of magic
 z - 3 potions of haste
 A - 3 potions of restore abilities
 B - 2 potions of flight
 C - 2 potions of lignification
 K - 4 potions of might


   Skills:
 + Level 14.5 Fighting
 * Level 21.4 Maces & Flails
 * Level 11.9 Throwing
 - Level 1.7 Dodging
 - Level 0.7 Stealth
 * Level 8.8 Invocations


You had 8 spell levels left.
You knew the following spells:

 Your Spells              Type           Power        Failure   Level  Hunger
a - Apportation           Tloc           #.........   30%         1    ##.....
b - Blink                 Tloc           N/A          43%         2    ###....
c - Swiftness             Chrm/Air       #.......     43%         2    ###....


Dungeon Overview and Level Annotations

Branches:
Dungeon (12/15)            Temple (1/1) D:6             Orc (4/4) D:12
    Elf (0/3) Orc:3          Lair (8/8) D:11          Swamp (0/5) Lair:3
  Snake (0/5) Lair:3        Slime (0/6) Lair:8

Altars:
Ashenzari
Cheibriados
Dithmenos
Elyvilon
Fedhas
Kikubaaqudgha
Makhleb
Nemelex Xobeh
Okawaru
Qazlal
Sif Muna
Trog
Vehumet
Xom
Yredelemnul
Zin
The Shining One

Shops:
D:5 (   D:9 *!%*   D:11 !?(   Orc:1 %   Orc:4 =*[


Innate Abilities, Weirdness & Mutations

You are too large for most types of armour.
You have tough skin (AC +1).
You are agile. (Dex +2)
You are covered in fur (AC +1).
You heal slowly when monsters are visible.


Message History

The sun demon hits you!
* * * LOW HITPOINT WARNING * * *
You are engulfed in flames.
You resist.
* * * LOW HITPOINT WARNING * * *
You closely miss the orc high priest.
The orc high priest is almost dead.
The orc high priest prays to Beogh.
The orc high priest is healed somewhat.
The sun demon hits you!!
* * * LOW HITPOINT WARNING * * *
You are engulfed in flames.
You resist.
* * * LOW HITPOINT WARNING * * *
Unknown command.
Drink which item? (? for menu, Esc to quit)
Okay, then.
Read which item? (? for menu, Esc to quit)
As you read the scroll of fear, it crumbles to dust.
You assume a fearsome visage.
The sun demon is unaffected.
The orc high priest looks frightened!
The orc looks frightened!
The sun demon hits you!!
You die...

............................#..
...................(......
...................(.....
..................(....
..................(.....
.....(.)................
...)).......#....(o.....
....(...........3........
#...............@..o......
.........#................P..
..........#...................
.)..................#..........
..............#.........PP.8....
.............................∩..
....#......#............PP.......
...............#..........P......
...........................PP....


You could see an orc high priest (fleeing), a sun demon and an orc (fleeing).

Vanquished Creatures
  A stone giant (Orc:4)
  3 hydras
  Erica (Lair:2)
  3 orc high priests (Orc:4)
  Nergalle (Orc:2)
  A catoblepas (Lair:8)
  2 ice statues (IceCv)
  A hill giant (D:11)
  2 orc knights (Orc:4)
  2 wolf spiders (Lair:8)
  4 orc sorcerers (Orc:4)
  A guardian serpent (Lair:8)
  10 black mambas
  17 spiny frogs
  2 feature mimics
  A torpor snail (Lair:8)
  An efreet (D:10)
  6 komodo dragons
  The ghost of Kejsarherre the Skirmisher, an average FoWn (D:4)
  2 two-headed ogres
  3 fire drakes
  A queen bee (Lair:3)
  2 polar bears
  A slime creature (Lair:8)
  2 baby alligators (Lair:3)
  4 basilisks
  A griffon skeleton (D:11)
  3 blink frogs (Lair:6)
  4 wyverns
  23 yaks
  A redback (Lair:8)
  4 hippogriffs
  3 steam dragons
  2 wargs
  14 spiders
  A black bear (D:5)
  13 porcupines
  12 water moccasins
  2 yellow wasps (Lair:8)
  5 phantoms
  17 ice beasts
  20 orc warriors
  2 sky beasts
  10 ogres
  24 crocodiles
  5 centaurs
  2 boring beetles (Lair:8)
  Sigmund (D:4)
  3 big kobolds
  15 giant frogs
  A wyvern skeleton (D:12)
  A water moccasin zombie (D:7)
  A yak zombie (D:11)
  4 scorpions
  5 wights
  The ghost of salade2fruit the Digger, a weakling FoEE (D:3)
  5 jellies
  A quasit (D:10)
  43 killer bees
  3 electric eels
  A giant frog skeleton (D:5)
  A giant frog zombie (D:8)
  17 orc priests
  10 hounds
  27 orc wizards
  12 worker ants
  A spectral orc (Orc:3)
  5 iguanas
  33 sheep
  An ogre zombie (Orc:4)
  A mottled dragon skeleton (D:11)
  2 orc zombies
  28 adders
  86 green rats
  An orc skeleton (D:11)
  A shadow imp (D:7)
  An inept feature mimic (Orc:2)
  A giant mite (D:3)
  3 worms
  2 adder skeletons
  5 giant geckos
  146 orcs
  A ball python (D:3)
  7 giant cockroaches
  15 goblins
  11 hobgoblins
  7 jackals
  29 kobolds
  12 bats
  6 giant newts
  A hobgoblin zombie (D:6)
  3 kobold skeletons
  10 quokkas
  A quokka skeleton (D:4)
  20 rats
  A rat zombie (D:5)
  2 ballistomycetes (D:7)
  A butterfly (D:2)
  A fungus (Lair:6)
  A plant (Lair:8)
841 creatures vanquished.

Vanquished Creatures (others)
  A giant spore (D:7)
  3 fungi
  4 plants
8 creatures vanquished.

Grand Total: 849 creatures vanquished

Notes
Turn   | Place    | Note
--------------------------------------------------------------
     0 | D:1      | Kejsarherre, the Ogre Hunter, began the quest for the Orb.
     0 | D:1      | Reached XP level 1. HP: 22/22 MP: 1/1
   145 | D:1      | Reached XP level 2. HP: 21/31 MP: 2/2
   668 | D:2      | Found a shimmering altar of Xom.
   742 | D:2      | Reached XP level 3. HP: 34/37 MP: 3/3
   775 | D:2      | Found a stormy altar of Qazlal.
  1417 | D:3      | Reached XP level 4. HP: 30/48 MP: 4/4
  1537 | D:3      | Noticed salade2fruit's ghost (weakling FoEE)
  1549 | D:3      | Killed salade2fruit's ghost
  2073 | D:4      | Noticed Sigmund
  2077 | D:4      | Killed Sigmund
  2077 | D:4      | Reached skill level 5 in Maces & Flails
  2077 | D:4      | Reached XP level 5. HP: 55/55 MP: 5/5
  2102 | D:4      | Noticed Kejsarherre's ghost (average FoWn)
  2126 | D:4      | Killed Kejsarherre's ghost
  2126 | D:4      | Reached skill level 5 in Fighting
  2126 | D:4      | Reached skill level 7 in Maces & Flails
  2126 | D:4      | Reached XP level 6. HP: 45/67 MP: 6/6
  2293 | D:4      | Found a blossoming altar of Fedhas.
  2301 | D:3      | Reached XP level 7. HP: 51/74 MP: 7/7
  2468 | D:4      | Found a glowing drain.
  2509 | Sewer    | Entered a sewer
  2763 | Sewer    | Reached skill level 8 in Maces & Flails
  2807 | Sewer    | Found a white marble altar of Elyvilon.
  3098 | D:5      | Entered Level 5 of the Dungeon
  3151 | D:5      | Reached skill level 5 in Throwing
  3407 | D:5      | Found Effuitt's Weapon Shop.
  3678 | D:5      | Reached XP level 8. HP: 73/87 MP: 8/8
  3816 | D:5      | Reached skill level 9 in Maces & Flails
  4636 | D:5      | Reached skill level 10 in Maces & Flails
  4961 | D:6      | Found a staircase to the Ecumenical Temple.
  5154 | D:6      | Reached XP level 9. HP: 53/97 MP: 9/9
  5361 | Temple   | Entered the Ecumenical Temple
  5422 | Temple   | Became a worshipper of Warmaster Okawaru
  5551 | D:6      | Reached skill level 11 in Maces & Flails
  5667 | D:6      | Found an ancient bone altar of Kikubaaqudgha.
  5667 | D:6      | Found a glowing silver altar of Zin.
  6252 | D:7      | Found a burning altar of Makhleb.
  6765 | D:8      | Reached skill level 12 in Maces & Flails
  6795 | D:8      | Acquired Okawaru's first power
  7098 | D:8      | Found a snail-covered altar of Cheibriados.
  7490 | D:8      | Reached skill level 13 in Maces & Flails
  7504 | D:9      | Found Ixtoyles' General Store.
  7504 | D:9      | Found Watuapum's Distillery.
  7525 | D:9      | Bought 2 potions of berserk rage for 60 gold pieces
  7525 | D:9      | Bought a potion of heal wounds for 30 gold pieces
  7525 | D:9      | Bought a potion of heal wounds for 30 gold pieces
  7529 | D:9      | Bought a scroll of enchant weapon for 112 gold pieces
  7546 | D:9      | Found Mapon's General Store.
  7645 | D:9      | Reached XP level 10. HP: 92/110 MP: 10/10
  7654 | D:9      | Reached skill level 10 in Fighting
  7654 | D:9      | Reached skill level 1 in Invocations
  8142 | D:9      | Found Muwaim's Food Shoppe.
  8611 | D:10     | Entered Level 10 of the Dungeon
  8691 | D:10     | Reached skill level 14 in Maces & Flails
  9011 | D:10     | Learned a level 1 spell: Apportation
  9900 | D:11     | Found Xosop's Magic Scroll Boutique.
  9904 | D:11     | Noticed a hill giant
 10188 | D:11     | Killed a hill giant
 10188 | D:11     | Reached XP level 11. HP: 118/120 MP: 16/18
 10228 | D:11     | Found a flagged portal.
 10242 | D:11     | the flagged portal was a mimic.
 10246 | D:11     | Reached skill level 15 in Maces & Flails
 10613 | D:11     | Found a staircase to the Lair.
 10648 | D:11     | Bought a scroll of magic mapping for 49 gold pieces
 10678 | D:11     | Found Amusuwuni's Distillery.
 10690 | D:11     | Bought 2 potions of mutation for 85 gold pieces
 10691 | D:11     | Gained mutation: You are covered in fur (AC +1). [potion of mutation]
 10691 | D:11     | Gained mutation: You are agile. (Dex +2) [potion of mutation]
 10691 | D:11     | Gained mutation: You heal slowly when monsters are visible. [potion of mutation]
 10692 | D:11     | Found a shadowy altar of Dithmenos.
 10832 | D:11     | Found Piun's Weapon Shop.
 10904 | Lair:1   | Entered Level 1 of the Lair of Beasts
 12232 | Lair:2   | Reached skill level 16 in Maces & Flails
 12285 | Lair:2   | Noticed Erica
 12299 | Lair:2   | Killed Erica
 12299 | Lair:2   | Acquired Okawaru's second power
 12304 | Lair:2   | Received a gift from Okawaru
 12517 | Lair:3   | Found a staircase to the Swamp.
 12592 | Lair:3   | Found a staircase to the Snake Pit.
 12616 | Lair:3   | Received a gift from Okawaru
 12616 | Lair:3   | Reached skill level 5 in Invocations
 12644 | Lair:3   | Reached XP level 12. HP: 105/133 MP: 20/20
 12832 | Lair:3   | Reached skill level 17 in Maces & Flails
 13098 | Lair:3   | Learned a level 2 spell: Blink
 13142 | Lair:3   | Received a gift from Okawaru
 14309 | Lair:4   | Received a gift from Okawaru
 15193 | Lair:5   | Received a gift from Okawaru
 15253 | Lair:5   | Reached skill level 18 in Maces & Flails
 16043 | Lair:6   | Found a hole to the Spider Nest.
 16062 | Lair:6   | Reached skill level 10 in Throwing
 16080 | Lair:6   | the hole to the Spider Nest was a mimic.
 16725 | Lair:6   | Reached XP level 13. HP: 144/144 MP: 23/23
 17188 | Lair:7   | Reached skill level 19 in Maces & Flails
 17984 | Lair:8   | Entered Level 8 of the Lair of Beasts
 18038 | Lair:8   | Received a gift from Okawaru
 18041 | Lair:8   | Got a heavily runed hat {god gift}
 18048 | Lair:8   | Identified the +4 hat "Deoqoudd" {+Inv rF++ SInv} (Okawaru gifted it to you on level 8 of the Lair of Beasts)
 18542 | Lair:8   | Learned a level 2 spell: Swiftness
 18636 | Lair:8   | Found a staircase to the Slime Pits.
 19122 | Lair:8   | Reached skill level 20 in Maces & Flails
 19507 | Lair:8   | Received a gift from Okawaru
 19847 | Lair:8   | Reached XP level 14. HP: 144/156 MP: 25/25
 19849 | Lair:8   | Received a gift from Okawaru
 20590 | D:12     | Found a staircase to the Orcish Mines.
 20616 | Orc:1    | Entered Level 1 of the Orcish Mines
 20616 | Orc:1    | Found Kevif's Food Shop.
 20833 | Orc:1    | Found a deep blue altar of Sif Muna.
 21507 | Orc:3    | Noticed Nergalle
 21756 | Orc:2    | Killed Nergalle
 22035 | Orc:3    | Found a staircase to the Elven Halls.
 22089 | Orc:3    | Found a shimmering altar of Xom.
 22384 | Orc:4    | Entered Level 4 of the Orcish Mines
 22384 | Orc:4    | Found a frozen archway.
 22671 | Orc:4    | Noticed a stone giant
 22678 | Orc:4    | Killed a stone giant
 22695 | Orc:4    | Reached skill level 21 in Maces & Flails
 22999 | Orc:4    | Found Pheusuat's General Store.
 23026 | IceCv    | Entered an ice cave
 23047 | IceCv    | HP: 2/156 [ice beast (9)]
 23506 | IceCv    | Got a brightly glowing great sword
 23515 | IceCv    | Identified the cursed -1 great sword of Straiter {freeze, +Rage Dex-1} (You found it in an ice cave)
 23645 | Orc:3    | You fall through a shaft!
 23930 | Orc:4    | Received a gift from Okawaru
 23944 | Orc:4    | Found Tratyutuu's Jewellery Boutique.
 24055 | Orc:4    | Bought the amulet of the Four Winds {Clar rN+ MR+++} for 466 gold pieces
 24153 | Orc:4    | Bought a scroll of silence for 97 gold pieces
 24153 | Orc:4    | Bought a scroll of enchant armour for 97 gold pieces
 24153 | Orc:4    | Bought a scroll of fear for 45 gold pieces
 24278 | Orc:4    | Noticed an orc warlord
 24405 | Orc:4    | Found Schyxt's Antique Armour Emporium.
 24443 | Orc:4    | HP: 6/157 [sun demon[an orc high priest] (19)]
 24443 | Orc:4    | HP: 1/157 [sun demon[an orc high priest] (5)]
 24444 | Orc:4    | Demolished by a sun demon

Action                   |  1- 3 |  4- 6 |  7- 9 | 10-12 | 13-15 || total
-------------------------+-------+-------+-------+-------+-------++-------
Melee: Club              |   123 |    50 |    70 |       |       ||   243
       Flail             |       |       |    80 |       |       ||    80
       Giant club        |       |       |    50 |       |       ||    50
       Giant spiked club |       |       |    96 |   596 |   660 ||  1352
Throw: Large rock        |     4 |    22 |    65 |    72 |    67 ||   230
       Throwing net      |       |       |     2 |     1 |       ||     3
       Javelin           |       |       |       |     2 |       ||     2
       Tomahawk          |       |       |       |    31 |   166 ||   197
Invok: Heroism           |       |       |     1 |     5 |     1 ||     7
       Finesse           |       |       |       |       |     3 ||     3
Evoke: Wand              |     1 |     2 |     3 |     7 |       ||    13
  Use: Scroll            |     9 |     3 |    14 |    10 |     4 ||    40
       Potion            |       |       |     8 |     7 |     5 ||    20
 Stab: Sleeping          |     2 |       |     2 |     5 |       ||     9
       Confused          |     1 |       |       |       |       ||     1
       Distracted        |       |       |     1 |       |       ||     1
       Invisible         |       |       |       |     1 |       ||     1
  Eat: Chunk             |     2 |     2 |    16 |    19 |    17 ||    56
       Fruit             |       |       |     2 |     4 |       ||     6
       Royal jelly       |       |       |       |     4 |       ||     4
       Pizza             |       |       |       |       |     2 ||     2
       Meat ration       |       |       |       |       |     1 ||     1
